 Dungeon Crawl Stone Soup version 0.25-a0-565-g8875c97ebb (webtiles) character file.

Game seed: 15200322767412985911, levelgen mode: deterministic

25 Flugslaktarn the Shield-Bearer (level 2, -2/28 HPs)
             Began as a Deep Dwarf Fighter on Feb 26, 2020.
             Slain by Sigmund
             ... wielding a +0 scythe
              (4 damage)
             ... on level 2 of the Dungeon.
             The game lasted 00:00:14 (207 turns).

Flugslaktarn the Shield-Bearer (Deep Dwarf Fighter)  Turns: 207, Time: 00:00:15

Health: -2/28      AC:  6    Str: 19    XL:     2   Next: 86%
Magic:  2/2        EV:  7    Int:  8    God:
Gold:   40         SH:  9    Dex: 12    Spells: 1/1 levels left

rFire    . . .     SeeInvis .   a - +0 war axe
rCold    . . .     Gourm    .   c - +0 kite shield
rNeg     . . .     Faith    .   b - +0 scale mail
rPois    .         Spirit   .   (no helmet)
rElec    .         Reflect  .   (no cloak)
rCorr    .         Harm     .   (no gloves)
MR       .....                  (no boots)
Stlth    ..........             (no amulet)
HPRegen  0.00/turn              (no ring)
MPRegen  0.08/turn              (no ring)

@: non-regenerating
A: damage resistance, heal wounds, sense surroundings 1, no regeneration
a: Heal Wounds


You were on level 2 of the Dungeon.
You were not hungry.

You visited 1 branch of the dungeon, and saw 2 of its levels.

You collected 40 gold pieces.

Inventory:

Hand Weapons
 a - a +0 war axe (weapon)
Armour
 b - a +0 scale mail (worn)
 c - a +0 kite shield (worn)
Scrolls
 g - a scroll of immolation {unknown}
 i - a scroll of magic mapping {unknown}
Potions
 d - a potion of might
 h - a potion of heal wounds {unknown}
Comestibles
 e - a ration
 f - 5 chunks of flesh


   Skills:
 * Level 3.1 Fighting
 * Level 2.8 Axes
 + Level 3.5 Armour
 + Level 3.5 Shields


You had one spell level left.
You didn't know any spells.
Your spell library was empty.

Dungeon Overview and Level Annotations

Branches:
Dungeon (2/15)

Altars:

Annotations:
D:2 Sigmund


Innate Abilities, Weirdness & Mutations

You are resistant to damage.
You can heal yourself by infusing magical energy.
You passively map a small area around you.
You do not regenerate.


Message History

You completely miss Sigmund.
Sigmund is moderately wounded.
Sigmund closely misses you.
You hit Sigmund.
Sigmund is heavily wounded.
Sigmund points at you and mumbles some strange words.
The magic dart hits you.
* * * LOW HITPOINT WARNING * * *
You are too injured to fight recklessly!
You are too injured to fight recklessly!
You are too injured to fight recklessly!
You are too injured to fight recklessly!
You are too injured to fight recklessly!
You are too injured to fight recklessly!
You are too injured to fight recklessly!
You are too injured to fight recklessly!
You fail to use your ability.
Sigmund hits you with a +0 scythe!
* * * LOW HITPOINT WARNING * * *
You fail to use your ability.
Sigmund hits you with a +0 scythe.
You die...

, *, * , ,, ,
, , ...* ,, ,
, , ..# **, ,,
,)..* ,, ..* *
*** , ,#.# , *
*#.######.#*
#..@@w...# , ,
, *
#..#####..? ,
, #..# , ,
##..# * * *
#...# ** * , *
* #..## ,, ,
####..# *
#.....#####..
#.###........*


You could see Sigmund and a dart slug.

Vanquished Creatures
  3 oozes (D:1)
  2 bats (D:1)
  3 goblins
  A hobgoblin (D:1)
  2 frilled lizards
  2 kobolds
  A rat (D:1)
14 creatures vanquished.

Notes
Turn   | Place    | Note
-------+----------+-------------------------------------------
     0 | D:1      | Flugslaktarn the Deep Dwarf Fighter began the quest for the
                  | Orb.
     0 | D:1      | Reached XP level 1. HP: 20/20 MP: 1/1
    49 | D:1      | Reached XP level 2. HP: 27/27 MP: 2/2
   194 | D:2      | Noticed Sigmund
   207 | D:2      | Slain by Sigmund

Levels and vault maps discovered:
D:1:      erik_arrival_gehennom, layout_basic, minmay_tetromino_o2
D:2:      layout_loops_ring, uniq_sigmund

Skill      XL: |  1  2 |
---------------+-------+-----
Fighting       | 3 |  3.1
Axes           | |  2.8
Armour         | |  3.5
Shields        | |  3.5

Action                   || total
-------------------------++-------
Melee: War axe           ||    46
Armor: Scale mail        ||    20
Dodge: Dodged            ||    13
Block: Kite shield       ||    24

Table legend:
 A = Non-vault XP
 B = Vault XP
 C = Vault XP percentage of total XP
 D = Non-vault monster count
 E = Vault monster count
 F = Vault count percentage of total count
                 A         B        C        D         E       F
            +---------+---------+-------+---------+---------+-------
      Total |      19 |      18 |  48.6 |       9 |       5 |  35.7
            +---------+---------+-------+---------+---------+-------
        D:1 |      16 |      18 |  52.9 |       6 |       5 |  45.5
        D:2 |       3 |       0 |   0.0 |       3 |       0 |   0.0
            +---------+---------+-------+---------+---------+-------
